 Dungeon Sprint DCSS version 0.30-a0-605-gb2882149bf (webtiles) character file.

Game seed: 10138638470514798058

205 NinjaNoafa the Grappler (level 5, 0/50 HPs)
             Began as a Troll Fighter on Jan 7, 2023.
             Was a Follower of Wu Jian.
             Slain by a killer bee (2 damage)
             ... in the Dungeon (Sprint IV: "Fedhas' Mad Dash").
             The game lasted 00:01:11 (146 turns).

NinjaNoafa the Grappler (Troll Fighter)              Turns: 146, Time: 00:01:11

Health: 0/50       AC:  4    Str: 24    XL:     5   Next: 53%
Magic:  4/4        EV:  8    Int:  4    God:    Wu Jian [*.....]
Gold:   62         SH:  7    Dex: 11    Spells: 4/4 levels left

rFire   . . .      SeeInvis .      - Unarmed
rCold   . . .      Faith    .    b - +0 kite shield
rNeg    . . .      Spirit   .    a - +0 robe
rPois   .          Reflect  .    (helmet restricted)
rElec   .          Harm     .    (no cloak)
rCorr   .          Rampage  .    (gloves unavailable)
Will    .....      NoTele   +    (boots unavailable)
Stlth   +                        k - amulet of invisibility {+Inv}
HPRegen 1.08/turn                (no ring)
MPRegen 0.09/turn                (no ring)

@: lethally poisoned (0 -> -1), on berserk cooldown, slowed, very slow
A: large, unfitting armour, claws 3, regeneration 1, shaggy fur 1, tough skin 1
a: Renounce Religion, Evoke Invisibility


You were in the Dungeon.
You worshipped Wu Jian.
Wu Jian was aware of your devotion.
You visited 1 branch You collected 62 gold pieces.

Inventory:

Armour
 a - a +0 robe (worn)
 b - a +0 kite shield (worn)
Jewellery
 k - the amulet of invisibility (around neck) {+Inv}
   (You found it in the Dungeon)

   [amulet of nothing]

   +Inv:      It lets you turn invisible.
Potions
 c - a potion of might
 f - a potion of haste
 g - 2 potions of magic
 j - 2 potions of flight {unknown}


   Skills:
 - Level 2.4 Fighting
 - Level 2.4 Dodging
 - Level 2.6 Shields
 + Level 11.7 Unarmed Combat


You had 4 spell levels left.
You didn't know any spells.
Your spell library was empty.

Dungeon Overview and Level Annotations

Branches:
Dungeon (1/1)

Altars:
Cheibriados
Dithmenos
Gozag
Hepliaklqana
Kikubaaqudgha
Makhleb
Nemelex Xobeh
Okawaru
Ru
Sif Muna
Trog
Uskayaw
Wu Jian
Xom
Yredelemnul
Zin
Jiyva

Annotations:
D exclusion: oklob sapling


Innate Abilities, Weirdness & Mutations

You are too large for most types of armour.
You have claws for hands.
Your natural rate of healing is unusually fast.
You are covered in fur. (AC +1)
You have tough skin. (AC +1)


Message History

You kill the killer bee!
The Council accepts your kill.
You can now lightly attack monsters by moving around them.
You block the killer bee's attack.
Your Unarmed Combat skill increases to level 11!
You barely miss the killer bee.
You are no longer berserk.
You are exhausted.
You feel yourself slow down.
You feel sick. The killer bee closely misses you.
The killer bee stings you but does no damage.
The killer bee stings you. x2
Really walk into a travel-excluded area? [Y]es or [N]o only, please.
Really walk into a travel-excluded area?
Okay, then.
You spin and attack the killer bee.
You completely miss the killer bee.
You feel sick.
You are no longer poisoned.
The killer bee stings you.
You are poisoned.
The killer bee poisons you! The killer bee closely misses you.
The killer bee stings you.
* * * LOW HITPOINT WARNING * * *
You block the killer bee's attack.
You feel much better.
You feel sick. The killer bee stings you. You block the killer bee's attack.
The killer bee closely misses you.
The killer bee stings you but does no damage.
The queen bee stings you!
* * * LOW HITPOINT WARNING * * *
The killer bee stings you.
* * * LOW HITPOINT WARNING * * *
The killer bee stings you but does no damage.
You feel better. The killer bee barely misses you. The killer bee stings you!
* * * LOW HITPOINT WARNING * * *
You block the killer bee's attack. The killer bee barely misses you.
The queen bee completely misses you. The killer bee stings you.
* * * LOW HITPOINT WARNING * * *
You are poisoned.
The killer bee poisons you! The killer bee stings you.
You die...

###########################
#<..P#.....#.....#.⌠._._._.
#PP..†.[...'.#.y@'.._._._._
#PPPP#.....#.#.yy#..._._P_.
###############'##.._._._._
...♣......y.'...#._._._._.
.y....♣.....#†..##########
♣..♣..###### #+#####


You could see a queen bee and 2 killer bees.

Vanquished Creatures
  A scorpion (D)
  2 killer bees (D)
  2 oklob saplings (D)
  A river rat (D)
  A rat (D)
7 creatures vanquished.

Notes
Turn   | Place    | Note
-------+----------+-------------------------------------------
     0 | D        | NinjaNoafa the Troll Fighter began the quest for the Orb.
     0 | D        | Reached XP level 1. HP: 22/22 MP: 0/0
     8 | D        | Reached skill level 4 in Unarmed Combat
     8 | D        | Reached XP level 2. HP: 29/29 MP: 1/1
    16 | D        | Noticed an oklob sapling
    21 | D        | Killed an oklob sapling
    22 | D        | Reached skill level 6 in Unarmed Combat
    22 | D        | Reached XP level 3. HP: 12/36 MP: 2/2
    45 | D        | Noticed a scorpion
    45 | D        | Found the amulet of invisibility {+Inv}
    51 | D        | Killed a scorpion
    52 | D        | Reached skill level 8 in Unarmed Combat
    52 | D        | Reached XP level 4. HP: 35/44 MP: 3/3
    80 | D        | Found an opulent altar of Gozag.
    80 | D        | Found a hazy altar of Hepliaklqana.
    80 | D        | Found a burning altar of Makhleb.
    80 | D        | Found a sparkling altar of Nemelex Xobeh.
    80 | D        | Found a snail-covered altar of Cheibriados.
    80 | D        | Found a sacrificial altar of Ru.
    80 | D        | Found a shimmering blue altar of Sif Muna.
    80 | D        | Found a shimmering altar of Xom.
    80 | D        | Found a basalt altar of Yredelemnul.
    81 | D        | Found a viscous altar of Jiyva.
    81 | D        | Found a bloodstained altar of Trog.
    81 | D        | Found an ornate altar of the Wu Jian Council.
    82 | D        | Found an iron altar of Okawaru.
    82 | D        | Found a glowing silver altar of Zin.
    82 | D        | Found a shadowy altar of Dithmenos.
    84 | D        | Found a hide-covered altar of Uskayaw.
    84 | D        | Found an ancient bone altar of Kikubaaqudgha.
    85 | D        | Became a worshipper of the Wu Jian Council
   110 | D        | Reached skill level 9 in Unarmed Combat
   122 | D        | Noticed a queen bee
   137 | D        | Reached skill level 10 in Unarmed Combat
   137 | D        | Reached XP level 5. HP: 43/50 MP: 4/4
   142 | D        | Reached * piety under Wu Jian
   143 | D        | Reached skill level 11 in Unarmed Combat
   146 | D        | HP: 2/50 [killer bee (6)]
   146 | D        | Slain by a killer bee

Illustrated notes

Levels and vault maps discovered:
D:        dungeon_sprint_fedhas [sprint_temple]

Skill      XL: |  1  2  3  4  5 |
---------------+----------------+-----
Unarmed Combat | 4 6 8 10 11 | 11.7
Fighting       | |  2.4
Dodging        | |  2.4
Shields        | |  2.6

Action                   |  1- 3 |  4- 6 || total
-------------------------+-------+-------++-------
Melee: Unarmed           |    13 |    13 ||    26
Invok: Lunge             |       |     2 ||     2
       Whirlwind         |       |     1 ||     1
  Use: Potion            |       |     3 ||     3
       Scroll            |       |     1 ||     1
Armor: Robe              |     3 |     7 ||    10
Dodge: Dodged            |       |    15 ||    15
Block: Kite shield       |     1 |    14 ||    15

Table legend: (Time is in decaauts)
 A = Elapsed time spent in this place.
 B = Non-inter-level travel time spent in this place.
 C = Inter-level travel time spent in this place.
 D = Time resting spent in this place.
 E = Time spent auto-exploring this place.
 F = Levels seen in this place.
 G = Mean time per level.
                   A        B        C        D        E       F      G
               +--------+--------+--------+--------+--------+-----+--------+
         Total |    143 |    143 |      0 |     18 |     56 |   1 |  143.0 |
       Dungeon |    143 |    143 |      0 |     18 |     56 |   1 |  143.0 |
               +--------+--------+--------+--------+--------+-----+--------+

Top non-repeatable levels by time:
       D: 143 daAuts
